 Dungeon Crawl Stone Soup version 0.24-a0-619-gb7544fd237 (webtiles) character file.

Game seed: 16202078133143667428, levelgen mode: deterministic

7821 Oninnaise the Protected (level 11, -8/87 HPs)
             Began as a Formicid Chaos Knight on Sept 18, 2019.
             Was a Plaything of Xom.
             Mangled by a komodo dragon (40 damage)
             ... on level 7 of the Dungeon.
             The game lasted 00:32:03 (11475 turns).

Oninnaise the Protected (Formicid Chaos Knight)    Turns: 11475, Time: 00:32:03

Health: -8/87      AC: 27    Str: 21    XL:     11   Next: 44%
Magic:  11/11      EV:  8    Int: 13    God:    Xom [..*...]
Gold:   1319       SH:  8    Dex: 10    Spells: 10/10 levels left

rFire    . . .     SeeInvis +   a - +0 mace (chaos)
rCold    . . .     Gourm    .   k - +0 buckler
rNeg     . . .     Faith    .   x - +7 chain mail of a ziggurat {rPois MR+}
rPois    +         Spirit   .   (helmet unavailable)
rElec    +         Reflect  .   l - +0 cloak
rCorr    .         Harm     .   j - +1 pair of gloves
MR       ++...                  m - +2 pair of boots
Stlth    ..........             (no amulet)
HPRegen  0.24/turn              w - ring of wizardry
MPRegen  0.12/turn              (no ring)

@: no status effects
A: permanent stasis, dig shafts and tunnels, four strong arms, antennae 3, claws
1, large bone plates 1, shaggy fur 1, electricity resistance, strong 1
a: Dig, Shaft Self, Renounce Religion


You were on level 7 of the Dungeon.
You worshipped Xom.
You were a toy of Xom.
You were not hungry.

You visited 1 branch of the dungeon, and saw 7 of its levels.
You also visited: Sewer and Ossuary.

You collected 1319 gold pieces.

Inventory:

Hand Weapons
 a - a +0 mace of chaos (weapon)
Armour
 f - a +0 plate armour
 j - a +1 pair of gloves (worn)
 k - a +0 buckler (worn)
 l - a +0 cloak (worn)
 m - a +2 pair of boots (worn)
 x - the +7 chain mail of a ziggurat (worn) {rPois MR+}
   (You found it on level 7 of the Dungeon)

   It protects you from poison.
   It affects your resistance to hostile enchantments.
Jewellery
 w - a ring of wizardry (left hand)
Wands
 d - a wand of paralysis (8)
 n - a wand of acid (9)
 p - a wand of polymorph (6)
 s - a wand of disintegration (11)
Scrolls
 c - 3 scrolls of identify
 i - a scroll of fear
 o - 5 scrolls of remove curse
 t - a scroll of magic mapping
Potions
 e - a potion of ambrosia
 g - 3 potions of flight
 q - a potion of agility
 r - a potion of might
 u - a potion of heal wounds
 v - 2 potions of curing
Comestibles
 h - a ration


   Skills:
 - Level 8.9 Fighting
 * Level 11.2 Maces & Flails
 + Level 11.5 Armour
 - Level 0.8 Dodging
 - Level 2.5 Shields


You had 10 spell levels left.
You didn't know any spells.
Your spell library contained the following spells:

 Spells                   Type           Power        Failure   Level  Hunger
 Freeze                   Ice            #...         56%         1    ##.....
 Throw Frost              Conj/Ice       #.....       71%         2    ###....
 Ozocubu's Armour         Chrm/Ice       #.......     89%         3    ####...
 Summon Ice Beast         Ice/Summ       #.......     99%         4    #####..
 Throw Icicle             Conj/Ice       #.......     99%         4    #####..


Dungeon Overview and Level Annotations

Branches:
Dungeon (7/15)             Temple (0/1) D:5           Sewer (visited)
Ossuary (visited)

Altars:
Ashenzari
Dithmenos
Kikubaaqudgha
Ru
Sif Muna
Vehumet
Wu Jian
Xom
Yredelemnul
The Shining One


Innate Abilities, Weirdness & Mutations

You cannot be hasted, slowed, berserked, paralysed or teleported.
You can dig through walls and to a lower floor.
Your four strong arms can wield two-handed weapons with a shield.
You have a pair of large antennae on your head. (SInv)
You have sharp fingernails.
You are partially covered in large bone plates. (SH +4)
You are covered in fur. (AC +1)
You are resistant to electric shocks. (rElec)
Your muscles are strong. (Str +2)


Message History

The komodo dragon goes berserk!
The komodo dragon is heavily wounded.
Your ufetubus hits the komodo dragon but does no damage. x2
The komodo dragon bites you!!
You hit the komodo dragon.
You have a brief vision of globes of primordial fire.
The komodo dragon is heavily wounded.
Your ufetubus hits the komodo dragon.
Your ufetubus hits the komodo dragon but does no damage.
The komodo dragon bites your ufetubus!!
Your ufetubus dies!
The komodo dragon hisses angrily.
The komodo dragon barely misses you.
The komodo dragon rages.
You block the komodo dragon's attack.
As you read the scroll of fear, it crumbles to dust.
You assume a fearsome visage.
The komodo dragon bites you! The komodo dragon bites you!!!
You die...
Xom titters!

.####.#...###..###[#.# #.######.#
....[.....#..###)....# #.........
..........###..###.#.# #.######.#
..........#####..###|# #......###
..........# .####..#.# #.##.###).
..........# ...####..###..###....
.......##.## #..###5#..###......
..........#. #....##..##....#...
########..#. #.@....###...(.<###
##.#. #.l..###....)##.<.. #####
#.#.###..###.....).###...
....#####.#....###..(......#.....
###.......#..###..............###
#######.####.....#........###
#.[[.......#.......##
####.......#.......#
##.....##.......#


You could see a komodo dragon (berserk).

Vanquished Creatures
  2 two-headed ogres (D:6)
  A glowing orange brain (shapeshifter) (Sewer)
  Pikel (D:5)
  2 hippogriffs (D:6)
  Sigmund (D:2)
  3 wraiths (Ossuary)
  A basilisk (D:7)
  A hog (shapeshifter) (D:7)
  A water moccasin (D:6)
  3 sky beasts (D:6)
  3 orc warriors
  4 ice beasts
  3 slaves (D:5)
  2 phantoms
  7 ogres
  5 centaurs
  A necrophage (D:5)
  A crocodile (D:7)
  2 bullfrogs (D:6)
  A water moccasin zombie (D:6)
  A scorpion (D:2)
  Dowan (D:7)
  7 wights
  4 crimson imps
  5 hounds
  2 orc priests (D:6)
  A jelly (D:5)
  8 orc wizards
  Jessica (D:2)
  An iguana (D:5)
  Natasha (twice) (D:2)
  6 worker ants
  A hound skeleton (D:4)
  8 gnolls
  A river rat (D:2)
  6 adders
  2 shadow imps (D:5)
  6 oozes (Sewer)
  3 adder skeletons
  3 worms
  4 dart slugs
  3 leopard geckos
  22 orcs
  A bat zombie (D:6)
  10 giant cockroaches
  6 hobgoblins
  13 jackals
  3 quokkas
  A ball python (Sewer)
  2 ball python skeletons (Ossuary)
  18 bats
  8 frilled lizards
  11 goblins
  3 goblin skeletons (D:5)
  A goblin zombie (D:5)
  A hobgoblin skeleton (Ossuary)
  A hobgoblin zombie (D:5)
  4 kobolds (D:1)
  3 kobold skeletons (D:5)
  5 kobold zombies
  3 orc skeletons
  2 orc zombies (D:5)
  A quokka skeleton (D:4)
  13 rats
  A rat zombie (D:6)
254 creatures vanquished.

Vanquished Creatures (collateral kills)
  A spriggan (shapeshifter) (D:6)
  An orc (D:6)
  A rat (D:3)
3 creatures vanquished.

Vanquished Creatures (others)
  An orc warrior (D:6)
  A centaur (D:7)
  2 bullfrogs
  A hound (D:7)
  2 orcs (D:6)
7 creatures vanquished.

Grand Total: 264 creatures vanquished

Notes
Turn   | Place    | Note
-------+----------+-------------------------------------------
     0 | D:1      | Oninnaise the Formicid Chaos Knight began the quest for the
                  | Orb.
     0 | D:1      | Reached XP level 1. HP: 18/18 MP: 1/1
    77 | D:1      | You fall into a shaft and drop 1 floor!
   132 | D:1      | XOM: harmless Summ miscast
   140 | D:1      | Reached XP level 2. HP: 23/24 MP: 2/2
   161 | D:1      | XOM: potion effect (heal wounds)
   270 | D:1      | XOM: harmless Tloc miscast
   509 | D:1      | Reached XP level 3. HP: 10/30 MP: 3/3
   603 | D:1      | XOM: harmless Chrm miscast
   977 | D:1      | XOM: divination: detect items
  1192 | D:2      | Noticed a scorpion
  1199 | D:2      | Killed a scorpion
  1199 | D:2      | Reached XP level 4. HP: 22/38 MP: 4/4
  1280 | D:2      | XOM: scenery: 2 doors open
  1368 | D:2      | Noticed Natasha
  1390 | D:2      | XOM: fog
  1628 | D:1      | XOM: cloud trail
  1644 | D:2      | Killed Natasha
  1644 | D:2      | Reached XP level 5. HP: 27/43 MP: 5/5
  1756 | D:2      | Noticed Jessica
  1763 | D:2      | Killed Jessica
  1763 | D:2      | Reached skill level 5 in Fighting
  1794 | D:2      | XOM: noise
  1845 | D:2      | Noticed Natasha
  1851 | D:2      | Killed Natasha
  2095 | D:2      | Noticed Sigmund
  2144 | D:2      | XOM: noise
  2326 | D:2      | XOM: potion effect (brilliance)
  2338 | D:2      | Killed Sigmund
  2338 | D:2      | Reached skill level 5 in Armour
  2338 | D:2      | Reached XP level 6. HP: 46/52 MP: 6/6
  2356 | D:2      | Found a shimmering blue altar of Sif Muna.
  2508 | D:2      | Reached XP level 7. HP: 54/58 MP: 7/7
  2661 | D:2      | XOM: divination: magic mapping
  2697 | D:2      | XOM: harmless Necr miscast
  2808 | D:3      | Found a glowing golden altar of the Shining One.
  2895 | D:3      | Found a radiant altar of Vehumet.
  2914 | D:3      | Found a sacrificial altar of Ru.
  3017 | D:3      | Found a glowing drain.
  3028 | Sewer    | Entered a sewer
  3362 | Sewer    | XOM: harmless Fire miscast
  3441 | Sewer    | Gained mutation: You are partially covered in icy blue
                  | scales. (AC +2) [potion of mutation]
  3441 | Sewer    | Gained mutation: Your spells are a little harder to cast,
                  | but a little more powerful. [potion of mutation]
  3441 | Sewer    | Gained mutation: You are clumsy. (Dex -2) [potion of
                  | mutation]
  3441 | Sewer    | Gained mutation: Your muscles are strong. (Str +2) [potion
                  | of mutation]
  3595 | Sewer    | Noticed a glowing shapeshifter
  3595 | Sewer    | a worm changed into a glowing shapeshifter
  3595 | Sewer    | Noticed a shining eye
  3595 | Sewer    | a glowing shapeshifter changed into a shining eye
  3597 | Sewer    | Noticed a glowing orange brain
  3597 | Sewer    | a shining eye changed into a glowing orange brain
  3598 | Sewer    | XOM: potion effect (invisibility)
  3607 | Sewer    | Killed a glowing orange brain
  3607 | Sewer    | Reached XP level 8. HP: 60/68 MP: 8/8
  3611 | Sewer    | XOM: smoke on damage
  4127 | D:3      | Found an ornate altar of the Wu Jian Council.
  4506 | D:3      | Found a basalt altar of Yredelemnul.
  4583 | D:3      | XOM: give mutation
  4583 | D:3      | Gained mutation: You have sharp fingernails. [Xom's grace]
  4650 | D:4      | XOM: confuse monster(s)
  4694 | D:4      | XOM: smoke on damage
  5005 | D:4      | XOM: destruction
  5016 | D:4      | XOM: confuse monster(s)
  5023 | D:4      | Reached skill level 1 in Shields
  5077 | D:4      | XOM: medium Tmut miscast
  5272 | D:4      | Reached XP level 9. HP: 16/75 MP: 9/9
  5895 | D:4      | XOM: harmless Ice miscast
  5975 | D:5      | Entered Level 5 of the Dungeon
  5999 | D:5      | XOM: silly message
  6063 | D:5      | Found a glowing golden altar of the Shining One.
  6286 | D:5      | XOM: harmless Necr miscast
  6342 | D:5      | Found a staircase to the Ecumenical Temple.
  6440 | D:5      | XOM: harmless Ice miscast
  6448 | D:5      | XOM: god gift: 880 gold pieces
  6453 | D:5      | XOM: enchant monster (good)
  6594 | D:5      | Noticed Pikel
  6602 | D:5      | XOM: potion effect (might)
  6628 | D:5      | XOM: harmless Pois miscast
  6634 | D:5      | Killed Pikel
  6634 | D:5      | Reached skill level 5 in Maces & Flails
  6703 | D:5      | XOM: divination: detect items
  6718 | D:5      | Found a shattered altar of Ashenzari.
  6729 | D:5      | XOM: harmless Fire miscast
  6737 | D:5      | XOM: harmless Erth miscast
  6783 | D:5      | XOM: noise
  6799 | D:5      | XOM: medium Air miscast
  7026 | D:5      | XOM: medium Air miscast
  7058 | D:5      | XOM: god gift: sack of spiders
  7418 | D:5      | XOM: harmless Conj miscast
  7688 | D:6      | XOM: confuse monster(s)
  7918 | D:6      | Found a sand-covered staircase.
  7928 | Ossuary  | Entered an ossuary
  8209 | Ossuary  | Reached XP level 10. HP: 50/82 MP: 10/10
  8414 | Ossuary  | XOM: silly message
  8457 | Ossuary  | XOM: harmless Ice miscast
  8672 | Ossuary  | Lost mutation: You are partially covered in icy blue
                  | scales. (AC +2) [potion of mutation]
  8672 | Ossuary  | Lost mutation: You are clumsy. (Dex -2) [potion of
                  | mutation]
  8672 | Ossuary  | Lost mutation: Your spells are a little harder to cast, but
                  | a little more powerful. [potion of mutation]
  8672 | Ossuary  | Gained mutation: You are resistant to electric shocks.
                  | (rElec) [potion of mutation]
  8672 | Ossuary  | Gained mutation: You are covered in fur. (AC +1) [potion of
                  | mutation]
  8672 | Ossuary  | Gained mutation: You are partially covered in large bone
                  | plates. (SH +4) [potion of mutation]
  8795 | D:6      | Reached skill level 10 in Armour
  8846 | D:6      | XOM: divination: magic mapping
  8872 | D:6      | XOM: cloud trail
  9093 | D:6      | Found a shadowy altar of Dithmenos.
  9264 | D:6      | Found an ancient bone altar of Kikubaaqudgha.
  9356 | D:6      | XOM: summons friendly shadow imp
  9369 | D:6      | XOM: divination: detect items
  9406 | D:6      | XOM: harmless Chrm miscast
  9607 | D:6      | XOM: divination: magic mapping
  9691 | D:7      | XOM: harmless Tloc miscast
  9781 | D:7      | XOM: potion effect (agility)
  9832 | D:7      | XOM: potion effect (invisibility)
  9851 | D:7      | XOM: harmless Conj miscast
  9882 | D:7      | XOM: divination: detect creatures
  9893 | D:7      | XOM: potion effect (curing)
  9895 | D:7      | XOM: divination: detect items
  9902 | D:6      | XOM: potion effect (agility)
  9912 | D:6      | XOM: harmless Necr miscast
  9950 | D:6      | XOM: noise
 10071 | D:6      | XOM: potion effect (heal wounds)
 10110 | D:6      | Reached XP level 11. HP: 77/87 MP: 11/11
 10136 | D:7      | Noticed a two-headed ogre
 10161 | D:6      | Reached skill level 10 in Maces & Flails
 10363 | D:6      | XOM: scenery: create altars
 10375 | D:6      | XOM: blink monster(s)
 10382 | D:6      | XOM: cleaving
 10395 | D:6      | XOM: enchant monster (bad)
 10401 | D:6      | Killed a two-headed ogre
 10650 | D:7      | Noticed a two-headed ogre
 10669 | D:6      | XOM: noise
 10675 | D:6      | Killed a two-headed ogre
 11070 | D:7      | Noticed Duvessa
 11075 | D:7      | XOM: harmless Pois miscast
 11085 | D:7      | XOM: potion effect (invisibility)
 11106 | D:7      | Duvessa changed into Duvessa the shapeshifter
 11108 | D:7      | Noticed Dowan
 11123 | D:7      | Killed Dowan
 11200 | D:7      | XOM: harmless Necr miscast
 11412 | D:7      | Got a faintly glowing chain mail
 11413 | D:7      | Identified the +7 chain mail of a ziggurat {rPois MR+} (You
                  | found it on level 7 of the Dungeon)
 11426 | D:7      | XOM: summons friendly ufetubus
 11475 | D:7      | Mangled by a komodo dragon

Levels and vault maps discovered:
D:1:      dpeg_arrival_subterranean_lakeside_camping, layout_basic
D:2:      layout_basic, old_standard_altar, minmay_misc_feat_iff, uniq_jessica,
          uniq_sigmund, uniq_natasha
D:3:      layout_loops_corners, marbit_many_paths, lemuel_crystal_altar,
          overflow_temple_1_default, hangedman_ru_absence,
          overflow_temple_1_default, portal_sewer_entry_e
D:4:      layout_basic, first_ration, kennysheep_small_circle
D:5:      layout_basic, ashenzari_altar_1, temple_statues,
          nicolae_tso_besieged_by_evil, uniq_pikel
D:6:      layout_basic, nicolae_dithmenos_shadow_blocks,
          lemuel_zombie_altar_kikubaaqudgha,
          lightli_ossuary_entry_decrepit_ruins
D:7:      minmay_the_grid_triangle_9x9_recursive_2
          [minmay_the_grid_triangle_9x9_prize_top_heavy,
          minmay_the_grid_triangle_9x9_odd_lines,
          minmay_the_grid_triangle_9x9_intruding_spiral,
          minmay_the_grid_triangle_9x9_from_above], layout_rooms, uniq_duvessa

Skill      XL: |  1  2  3  4  5  6  7  8  9 10 11 |
---------------+----------------------------------+-----
Armour         | 3 4 5 7 8 9 10 11 | 11.5
Fighting       | 4 6 7 8 |  8.9
Shields        | 2 |  2.5
Maces & Flails | 6 9 11 | 11.2
Dodging        | |  0.8

Action                   |  1- 3 |  4- 6 |  7- 9 | 10-12 || total
-------------------------+-------+-------+-------+-------++-------
Melee: Mace              |   100 |    92 |   542 |   432 ||  1166
  Use: Scroll            |     4 |     1 |     5 |     8 ||    18
       Potion            |       |       |    12 |     5 ||    17
 Stab: Paralysed         |     4 |       |       |     5 ||     9
       Confused          |       |       |     2 |       ||     2
       Petrified         |       |       |     4 |       ||     4
       Invisible         |       |       |       |    12 ||    12
  Eat: Ration            |     1 |     1 |     5 |     4 ||    11
       Chunk             |       |       |     1 |       ||     1
Armor: Leather armour    |    62 |    34 |       |       ||    96
       Plate armour      |       |    32 |   458 |   281 ||   771
       Skin              |       |       |     1 |       ||     1
Dodge: Dodged            |    85 |    57 |   184 |   188 ||   514
Block: Buckler           |       |       |    35 |   205 ||   240

Table legend:
 A = Non-vault XP
 B = Vault XP
 C = Vault XP percentage of total XP
 D = Non-vault monster count
 E = Vault monster count
 F = Vault count percentage of total count
                 A         B        C        D         E       F
            +---------+---------+-------+---------+---------+-------
      Total |    5564 |    5609 |  50.2 |     169 |      89 |  34.5
            +---------+---------+-------+---------+---------+-------
        D:1 |      44 |       9 |  17.0 |      24 |       6 |  20.0
        D:2 |     172 |     303 |  63.8 |      19 |       3 |  13.6
        D:3 |      99 |      11 |  10.0 |      20 |       9 |  31.0
        D:4 |     668 |       6 |   0.9 |      25 |       2 |   7.4
        D:5 |     636 |     696 |  52.3 |      11 |      14 |  56.0
        D:6 |    3173 |    2094 |  39.8 |      55 |       6 |   9.8
        D:7 |     772 |     842 |  52.2 |      15 |       8 |  34.8
      Sewer |       0 |     823 | 100.0 |       0 |      26 | 100.0
    Ossuary |       0 |     825 | 100.0 |       0 |      15 | 100.0
            +---------+---------+-------+---------+---------+-------
